 Dungeon Crawl Stone Soup version 0.28.0-1-gb440e238dd (webtiles) character file.

Game seed: 13314558888263421225

258 egresovca the Conjurer (level 5, -9/37 HPs)
             Began as a Demonspawn Conjurer on Feb 22, 2022.
             Was an Initiate of Okawaru.
             Killed from afar by an orc wizard (13 damage)
             ... with a puff of flame
             ... on level 4 of the Dungeon.
             The game lasted 00:06:25 (4592 turns).

egresovca the Conjurer (Demonspawn Conjurer)        Turns: 4592, Time: 00:06:25

Health: -9/37      AC:  5    Str:  9    XL:     5   Next: 94%
Magic:  1/9        EV: 11    Int: 26    God:    Okawaru [......]
Gold:   164        SH:  0    Dex: 11    Spells: 2/9 levels left

rFire   . . .      SeeInvis .     - Unarmed
rCold   . . .      Faith    +   (no shield)
rNeg    . . .      Spirit   .   k - +0 leather armour
rPois   .          Reflect  .   (no helmet)
rElec   .          Harm     .   (no cloak)
rCorr   .          Rampage  .   g - +0 pair of gloves
Will    .....                   e - +0 pair of boots
Stlth   +.........              s - amulet of faith
HPRegen 0.12/turn               c - +6 ring of intelligence
MPRegen 0.11/turn               (no ring)

@: lethally poisoned (-9 -> -19), flying
A: hooves 1, powered by pain 2
a: Renounce Religion


You were on level 4 of the Dungeon.
You worshipped Okawaru.
Okawaru was noncommittal.
You visited 1 branch of the dungeon, and saw 4 of its levels.

You collected 164 gold pieces.

Inventory:

Hand Weapons
 b - a +0 dagger
 d - a +0 dagger of protection
 h - a +0 flail of protection
 q - a +1 short sword of freezing
Armour
 e - a +0 pair of boots (worn)
 g - a +0 pair of gloves (worn)
 k - a +0 leather armour (worn)
Jewellery
 c - a +6 ring of intelligence (left hand)
 s - an amulet of faith (around neck)
 u - a ring of fire
Scrolls
 a - 2 scrolls of fog {unknown}
 i - 3 scrolls of teleportation {unknown}
 j - 2 scrolls of enchant armour {unknown}
 v - a scroll of noise {unknown}
Potions
 f - a potion of cancellation
 m - a potion of might {unknown}
 n - a potion of mutation {unknown}
 o - a potion of degeneration {unknown}
 p - a potion of brilliance {unknown}
 r - a potion of curing {unknown}
 t - a potion of berserk rage {unknown}


   Skills:
 + Level 1.0 Fighting
 + Level 1.0 Armour
 + Level 2.1 Dodging
 - Level 1.7 Stealth
 * Level 1.4 Unarmed Combat
 - Level 2.8 Spellcasting
 - Level 5.8 Conjurations
 + Level 1.5 Hexes


You had 2 spell levels left.
You knew the following spells:

 Your Spells              Type           Power      Damage    Failure   Level
a - Magic Dart            Conj           100%       1d8       1%          1
b - Searing Ray           Conj           66%        2d6       1%          2
c - Fulminant Prism       Conj/Hex       11%        3d9       28%         4

Your spell library contained the following spells:

 Spells                   Type           Power      Damage    Failure   Level
 Shock                    Conj/Air       72%        1d7       4%          1
 Dazzling Flash           Conj/Hex       44%        N/A       9%          3
 Swiftness                Air            3%         N/A       36%         3
 Iskenderun's Mystic Bla  Conj/Tloc      18%        2d6       36%         4
 Anguish                  Hex/Necr       3%         N/A       67%         4
 Airstrike                Air            1%         N/A       78%         4
 Enfeeble                 Hex            5%         N/A       100%        7
 Tukima's Dance           Hex            Unusable   N/A       N/A         3

Dungeon Overview and Level Annotations

Branches:
Dungeon (4/15)
 Temple: D:4-7

Altars:
Kikubaaqudgha
Okawaru

Shops:
D:1 [


Innate Abilities, Weirdness & Mutations

You have large cloven feet.
You sometimes gain power by taking damage.


Message History

The orc wizard points at you and mumbles some strange words.
You are confused.
The orc wizard casts a spell at you. The magic dart hits you.
You're too confused to attack without stumbling around!
You're too confused to move!
The orc wizard mumbles some strange words.
The orc wizard flickers and vanishes!
Deactivating autopickup; reactivate with Ctrl-A.
You feel less confused. The scorpion barely misses you.
Something hits you but does no damage. The scorpion stings you.
You hear some strange, mumbled words.
A puff of flame appears from out of thin air!
The puff of flame hits you!
* * * LOW HITPOINT WARNING * * *
You focus on the pain.
You feel very mighty all of a sudden.
Your magical contamination has completely faded away.
It was a potion of cancellation.
Your magical effects are unravelling.
You feel magically purged.
You feel a little less mighty now.
The scorpion stings you but does no damage.
The orc wizard gestures wildly while chanting.
The orc wizard flickers and vanishes!
Unknown command.
It was a potion of flight.
You feel very buoyant.
You fly up into the air.
The scorpion stings you.
* * * LOW HITPOINT WARNING * * *
You are lethally poisoned!
The scorpion poisons you!
Unknown command.
* * * LOW HITPOINT WARNING * * *
You feel very sick.
You hear some strange, mumbled words.
A puff of flame appears from out of thin air!
The puff of flame hits you!
You die...

##......... ....
##...###.... ##...
##...## ##... ##....
##...## #... #....
##...## ##.. ##...#
##...## #.. ##....
##..### #..
...#....######..####
#...
............s@.....###
...
....)..#...........>.##
...
.......#....{.........##
...
.......#...............#
###
......##...............#
# ......
###########.....# ..####
#....## ### .. #....#
##.### #.#### #.....


You could see a scorpion.

Vanquished Creatures
  A scorpion (D:4)
  An orc priest (D:3)
  7 gnolls
  A worm (D:2)
  2 dart slugs
  12 orcs
  3 bats
  6 endoplasms
  2 giant cockroaches (D:2)
  6 goblins
  7 hobgoblins
  4 jackals (D:3)
  3 quokkas (D:1)
  5 ball pythons (D:2)
  4 frilled lizards
  11 kobolds
  6 rats
81 creatures vanquished.

Vanquished Creatures (others)
  2 fulminant prisms
  4 withered plants (D:3)
6 creatures vanquished.

Grand Total: 87 creatures vanquished

Notes
Turn   | Place    | Note
-------+----------+-------------------------------------------
     0 | D:1      | egresovca the Demonspawn Conjurer began the quest for the
                  | Orb.
     0 | D:1      | Reached XP level 1. HP: 13/13 MP: 3/3
   273 | D:1      | Gained mutation: You sometimes gain a little power by
                  | taking damage. [demonic ancestry]
   273 | D:1      | Reached XP level 2. HP: 19/19 MP: 0/5
   276 | D:1      | Learned a level 2 spell: Searing Ray
   563 | D:1      | Found a faded altar of an unknown god.
   602 | D:1      | Found Coyhos's Armour Shop.
  1343 | D:2      | Gained mutation: You sometimes gain power by taking damage.
                  | [demonic ancestry]
  1343 | D:2      | Reached XP level 3. HP: 24/24 MP: 1/6
  1452 | D:2      | Reached skill level 5 in Conjurations
  1901 | D:2      | Reached XP level 4. HP: 30/30 MP: 0/7
  2358 | D:2      | Learned a level 4 spell: Fulminant Prism
  3013 | D:3      | Found an ancient bone altar of Kikubaaqudgha.
  3176 | D:3      | Discovered your monstrous ancestry.
  3176 | D:3      | Gained mutation: You have large cloven feet. [demonic
                  | ancestry]
  3176 | D:3      | Reached XP level 5. HP: 35/35 MP: 6/9
  3529 | D:3      | Reached skill level 1 in Hexes
  3971 | D:3      | Identified the +2 robe of the Comet {rF++ Int+2}
  4247 | D:4      | Found an iron altar of Okawaru.
  4279 | D:4      | Reached skill level 1 in Fighting
  4279 | D:4      | Reached skill level 1 in Armour
  4279 | D:4      | Reached skill level 1 in Unarmed Combat
  4294 | D:4      | Became a worshipper of Warmaster Okawaru
  4592 | D:4      | Killed from afar by an orc wizard

Illustrated notes

Levels and vault maps discovered:
D:1:      matt_arrival_debris, layout_loops_ring, basic_ecumenical_altar,
          serial_shops, nicolae_shop_temple_entry_statues_fountains
D:2:      layout_basic, minmay_split_cup_large
D:3:      layout_loops_corners, kiku_gazebo_garden_becter
D:4:      minmay_chambers_of_twos, layout_cave_pods, lemuel_doored_altar,
          lemuel_old_faithful, uniq_robin

Skill      XL: |  1  2  3  4  5 |
---------------+----------------+-----
Conjurations   | 5 |  5.8
Hexes          | 1 |  1.5
Fighting       | 1 |  1.0
Armour         | 1 |  1.0
Dodging        | 2 |  2.1
Unarmed Combat | 1 |  1.4
Stealth        | |  1.7
Spellcasting   | |  2.8

Action                   |  1- 3 |  4- 6 || total
-------------------------+-------+-------++-------
Melee: Dagger            |    18 |     1 ||    19
       Short sword       |       |    27 ||    27
       Punch             |       |     3 ||     3
 Cast: Magic Dart        |    36 |     5 ||    41
       Searing Ray       |    14 |    23 ||    37
       Fulminant Prism   |       |     2 ||     2
  Use: Potion            |       |     2 ||     2
Armor: Robe              |     3 |       ||     3
       Leather armour    |     8 |    16 ||    24
Dodge: Dodged            |    24 |    17 ||    41
